 Dungeon Crawl Stone Soup version 0.31-a0-1074-g0b22e4e0f1 (webtiles) character file.

Game seed: 16183837983483518170

55 croobank the Changeling (level 3, -2/24 HPs)
             Began as an Octopode Shapeshifter on Dec 7, 2023.
             Slain by a gnoll
             ... wielding a +0 flail
              (12 damage)
             ... on level 2 of the Dungeon.
             The game lasted 00:02:19 (1438 turns).

croobank the Changeling (Octopode Shapeshifter)     Turns: 1438, Time: 00:02:19

Health: -2/24      AC:  1    Str: 13    XL:     3   Next: 93%
Magic:  3/3        EV: 13    Int: 14    God:
Gold:   92         SH:  0    Dex: 11    Spells: 2/2 levels left

rFire   . .          .
                       - Unarmed
rCold   . . .        (no shield)
rNeg    . . .        (helmet currently unavailable)
rPois   .            (no amulet)
rElec   .            (no ring)
rCorr   .            (no ring)
SInv    .            (no ring)
Will    .....        (no ring)
Stlth   ++           (no ring)
HPRegen 0.24/turn    (no ring)
MPRegen 0.08/turn    (no ring)
                     (no ring)

%: no passive effects
@: beast-form
A: beast (slay +2), almost no armour, amphibious, 8 rings, camouflage 1,
gelatinous body 1, (nimble swimmer 1), tentacles
a: Begin Untransformation


You were on level 2 of the Dungeon.
You were a hulking beast.
You visited 1 branch of the dungeon, and saw 2 of its levels.

You collected 92 gold pieces.

Inventory:

Hand Weapons
 e - a +0 short sword
 f - a +0 dagger
 n - a +1 long sword of holy wrath
Missiles
 d - 5 poisoned darts (quivered)
Talismans
 b - a beast talisman
 c - a flux talisman
Scrolls
 g - a scroll of blinking {unknown}
 h - a scroll of identify {unknown}
 j - a scroll of brand weapon {unknown}
 l - 2 scrolls of amnesia {unknown}
Potions
 a - 2 potions of lignification
 i - a potion of magic {unknown}
 k - a potion of brilliance {unknown}
 m - a potion of curing {unknown}


   Skills:
 + Level 1.7 Fighting
 + Level 2.5 Dodging
 + Level 3.3 Unarmed Combat
 * Level 3.6 Shapeshifting


You had 2 spell levels left.
You didn't know any spells.
Your spell library was empty.

Dungeon Overview and Level Annotations

Branches:
Dungeon (2/15)

Altars:


Innate Abilities, Weirdness & Mutations

You are a hulking beast.
Your limbs bulge with bestial killing power. (Slay +2)
You cannot wear most types of armour.
You are amphibious.
You can wear up to eight rings at the same time.
Your skin changes colour to match your surroundings (Stealth+).
Your rubbery body absorbs attacks. (AC +1, EV +1)
((You are camouflaged when in or above water. (Stealth+)))
You have tentacles for arms and can constrict up to eight enemies at once.


Message History

Okay, then.
You start waiting.
A gnoll is nearby!
The gnoll barely misses you.
You tentacle-slap the gnoll but do no damage.
Your grab misses the gnoll. The gnoll hits you with a +0 flail.
You barely miss the gnoll. You grab the gnoll. You squeeze the gnoll.
The gnoll is moderately wounded.
You constrict the gnoll. The gnoll barely misses you.
You bludgeon the gnoll! You squeeze the gnoll.
You kill the gnoll!
You start resting.
A gnoll is nearby!
The gnoll shouts!
You tentacle-slap the gnoll. You grab the gnoll. You tentacle-slap the gnoll.
The gnoll is severely wounded.
You constrict the gnoll, but do no damage.
You hear a shout!
The gnoll barely misses you.
You tentacle-slap the gnoll but do no damage.
The gnoll is severely wounded.
You constrict the gnoll, but do no damage.
The gnoll hits you with a +0 spear!
You tentacle-slap the gnoll. You squeeze the gnoll.
You kill the gnoll!
You start resting.
A gnoll is nearby!
The gnoll shouts!
You tentacle-slap the gnoll but do no damage.
Your grab misses the gnoll. The gnoll closely misses you.
You tentacle-slap the gnoll. You grab the gnoll.
The gnoll is lightly wounded.
You constrict the gnoll. The gnoll hits you with a +0 flail!
Ouch! That really hurt!
You tentacle-slap the gnoll but do no damage.
You tentacle-slap the gnoll, but do no damage.
The gnoll is moderately wounded.
You constrict the gnoll. The gnoll hits you with a +0 flail!
Ouch! That really hurt!
You die...

########### ##### #.........#
#.(.# ###.........#####.#.#
....>......)...##.#.#
......†.....##.##.#.#
............##.##.#.####
............##.........#
........###.####....##.#
......#.........h...##.#
......####.#####g#..##.#
...................<##.#
..............##)#####.# ########
######.............###.###g......
#...................g.....|.
#........###...##.###....g..
#........# #.#..#.# #.......
#........# #.##...# #.......


You could see a gnoll.

Vanquished Creatures
  2 gnolls (D:2)
  6 bats
  6 endoplasms
  A giant cockroach (D:2)
  2 goblins
  2 hobgoblins (D:1)
  2 quokkas (D:1)
  4 ball pythons
  4 frilled lizards
  2 kobolds (D:1)
  5 rats
36 creatures vanquished.

Notes
Turn   | Place    | Note
-------+----------+-------------------------------------------
     0 | D:1      | croobank the Octopode Shapeshifter began the quest for the
                  | Orb.
     0 | D:1      | Reached XP level 1. HP: 13/13 MP: 1/1
   122 | D:1      | Reached XP level 2. HP: 18/18 MP: 2/2
   867 | D:1      | Reached XP level 3. HP: 18/23 MP: 3/3
  1438 | D:2      | Slain by a gnoll

Illustrated notes

Levels and vault maps discovered:
D:1:      shiori_arrival_elements, layout_loops_corners,
          dreamdust_mushroom_princess, eino_curves_03, palyth_stone_intersect
D:2:      layout_basic

Action                     || total
---------------------------++-------
  Melee: Unarmed           ||    75
         Constrict         ||    15
         Tentacles         ||    11
         Punch             ||     4
   Stab: Sleeping          ||     6
 Armour: Skin              ||    30
  Dodge: Dodged            ||    31

Table legend: (Time is in decaauts)
 A = Elapsed time spent in this place.
 B = Non-inter-level travel time spent in this place.
 C = Inter-level travel time spent in this place.
 D = Time resting spent in this place.
 E = Time spent auto-exploring this place.
 F = Levels seen in this place.
 G = Mean time per level.
                   A        B        C        D        E       F      G
               +--------+--------+--------+--------+--------+-----+--------+
         Total |   1433 |   1411 |     22 |    253 |    891 |   2 |  716.5 |
       Dungeon |   1433 |   1411 |     22 |    253 |    891 |   2 |  716.5 |
               +--------+--------+--------+--------+--------+-----+--------+

Top non-repeatable levels by time:
     D:1: 1014 daAuts
     D:2: 418 daAuts
